 Dungeon Crawl Stone Soup version 0.27-a0-1046-g98bf31544f (webtiles) character file.

Game seed: 15565542885257178147

211314 GordonOverkill the Warrior (level 18, -2/139 HPs)
             Began as a Djinni Gladiator on Apr 19, 2021.
             Was a High Priest of Makhleb.
             Slain by a vault warden
             ... wielding a +0 great mace
              (17 damage)
             ... on level 1 of the Vaults.
             The game lasted 01:22:19 (46775 turns).

GordonOverkill the Warrior (Djinni Gladiator)      Turns: 46775, Time: 01:22:20

Health: -2/139     AC: 26    Str: 28    XL:     18   Next: 88%
Gold:   2520       EV: 14    Int: 13    God:    Makhleb [*****.] SH:  0 Dex: 14

rFire    + + .     SeeInvis .   a - +6 double sword (vorpal)
rCold    . . .     Faith    .   (no shield)
rNeg     . . .     Spirit   .   u - +2 plate armour {rC+}
rPois    ∞         Reflect  .   B - +2 helmet
rElec    .         Harm     .   j - +2 cloak
rCorr    .         Rampage  .   s - +2 pair of gloves {Str+3}
Will     +....                  (boots unavailable)
Stlth    ..........             v - amulet of the acrobat
HPRegen  0.33/turn              D - +6 ring of strength
MPRegen  0.00/turn              g - +4 ring of slaying

@: flying, invisible
A: fire resistance 2, cold vulnerability 1, float, innate caster, hp casting,
extra vitality 1
}: 1/15 runes: gossamer
a: Renounce Religion, Minor Destruction, Lesser Servant of Makhleb, Major
Destruction, Greater Servant of Makhleb


You were on level 1 of the Vaults.
You worshipped Makhleb.
Makhleb was extremely pleased with you.
You visited 6 branches of the dungeon, and saw 30 of its levels.
You visited the Abyss 1 time.
You also visited: Ossuary.

You collected 3104 gold pieces.
You spent 584 gold pieces at shops.

Inventory:

Hand Weapons
 a - a +6 vorpal double sword (weapon)
 w - a +4 scimitar of flaming
 U - a +4 vorpal double sword
Missiles
 d - a throwing net
 m - 126 poisoned darts (quivered)
 r - 15 curare-tipped darts
 y - 7 atropa-tipped darts
 E - 12 boomerangs of dispersal
Armour
 j - a +2 cloak (worn)
 s - a +2 pair of gloves of strength (worn)
 u - a +2 plate armour of cold resistance (worn)
 B - a +2 helmet (worn)
Jewellery
 g - a +4 ring of slaying (right hand)
 p - a ring of resist corrosion
 v - an amulet of the acrobat (around neck)
 D - a +6 ring of strength (left hand)
 S - a ring of protection from fire
Wands
 n - a wand of iceblast (20)
 t - a wand of charming (9)
 K - a wand of polymorph (10)
 L - a wand of flame (46)
Scrolls
 c - 2 scrolls of immolation
 h - 2 scrolls of holy word
 l - 11 scrolls of teleportation
 q - a scroll of torment
 x - 2 scrolls of fog
 J - 6 scrolls of enchant armour
 M - a scroll of summoning
 O - a scroll of magic mapping
 Q - 9 scrolls of identify
Potions
 f - 5 potions of lignification
 i - 4 potions of ambrosia
 k - 4 potions of haste
 o - 2 potions of attraction
 z - 6 potions of curing
 F - a potion of mutation
 G - 3 potions of invisibility
 H - 3 potions of might
 I - a potion of cancellation
 P - 3 potions of brilliance
Miscellaneous
 e - a phantom mirror
 N - a phial of floods
 R - a phantom mirror


   Skills:
 + Level 16.2 Fighting
 - Level 4.4(11.4) Short Blades
 - Level 15.7(16.0) Long Blades
 - Level 2.0 Throwing
 - Level 10.0 Armour
 - Level 15.0 Dodging
 + Level 14.5 Invocations
 - Level 7.0 Evocations


You couldn't memorise any spells.
You knew the following spells:

 Your Spells              Type           Power      Damage    Failure   Level
a - Summon Small Mammal   Summ           0%         N/A       94%         1
b - Static Discharge      Conj/Air       0%         N/A       98%         2
c - Call Imp              Summ           0%         N/A       98%         2
d - Mephitic Cloud        Conj/Pois/Air  0%         N/A       100%        3
e - Silence               Hex/Air        0%         N/A       100%        5
f - Borgnjor's Vile Clut  Necr/Erth      0%         N/A       100%        5
g - Conjure Ball Lightni  Conj/Air       0%         3x3d6     100%        6
h - Freezing Cloud        Conj/Ice/Air   0%         6-21      100%        6
Your spell library was empty.


Dungeon Overview and Level Annotations

Branches:
Dungeon (15/15)            Temple (0/1) D:5            Lair (6/6) D:11
 Shoals (0/4) Lair:2       Spider (4/4) Lair:3        Slime (1/5) Lair:5
    Orc (2/2) D:12            Elf (0/3) Orc:2        Vaults (2/5) D:13
 Depths (0/5) D:15        Ossuary (visited)
  Crypt: Vaults:2-3

Altars:
Hepliaklqana
Kikubaaqudgha
Makhleb
Qazlal
Jiyva

Shops:
D:12 *   Orc:1 *   Orc:2 [:((

Annotations:
D:2 exclusion: ice beast
D:9 1 runed translucent door, Gilette's ghost, novice HOMo
D:15 Roxanne
Orc:2 1 runed translucent door, exclusion: 4 orange crystal statues
Vaults:2 Mennas


Innate Abilities, Weirdness & Mutations

You are immune to poison.
Your flesh is very heat resistant. (rF++)
You are vulnerable to cold. (rC-)
You float through the air rather than walking.
You learn spells naturally, not from books.
Your magical power is your life essence.
You have superior vitality. (+4 HP)


Message History

* * * LOW HITPOINT WARNING * * *
You fly upwards.
There is a stone staircase leading down, spattered with blood here.
Things that are here:
a +0 plate armour; a +2 vorpal great sword You closely miss the vault warden.
The vault warden activates a sealing rune.
A door slams shut!
You hit the vault warden but do no damage.
The yaktaur hits you but does no damage.
You slice the vault warden!!
The vault warden is moderately wounded.
The vault warden misses you.
You riposte.
You barely miss the vault warden.
The vault warden is moderately wounded.
The yaktaur misses you.
You hit the vault warden.
The vault warden is moderately wounded.
The vault warden hits you with a +0 great mace!!
* * * LOW HITPOINT WARNING * * *
You hit the vault warden but do no damage.
The vault warden is moderately wounded.
The yaktaur closely misses you.
You hit the vault warden but do no damage.
The vault warden is moderately wounded.
The vault warden barely misses you. The yaktaur completely misses you.
You completely miss the vault warden.
The vault warden is moderately wounded.
The vault warden hits you with a +0 great mace!!
* * * LOW HITPOINT WARNING * * *
The yaktaur hits you but does no damage.
You barely miss the vault warden.
The vault warden is moderately wounded.
The vault warden hits you with a +0 great mace!
* * * LOW HITPOINT WARNING * * *
You barely miss the vault warden.
The vault warden is moderately wounded.
The yaktaur hits you but does no damage.
You fade into invisibility!
The vault warden hits you with a +0 great mace!
You die...

..#......#.......................
..#......#.......................
..#......#.......................
..#......#.......................
..#......#.......................
..#......#..########..####'######
..#......'[.#......#..#.........#
..#......#..#..[c..#..#....#....#
..#......#..#..[@..#..#..#...#..#
..#......#..#..[p..#..#.........#
..#......#..#......#..#.#.....#.#
..########..#......#p.#.........#
............####+###..#..#...#..#
......................#....#....#
......................#.........#
......................###########
..........................p...[.p


You could see a vault warden and a yaktaur.

Vanquished Creatures
  The ghost of tensugalgo the Earth Mage, an adept DsEE of Ashenzari (Vaults:1)
  Gastronok (D:10)
  2 vault wardens (Vaults:2)
  3 ghost moths (Spider:4)
  6 emperor scorpions
  A juggernaut zombie (D:15)
  4 ironbound preservers (Vaults:1)
  6 entropy weavers
  A dire elephant (Vaults:1)
  A spark wasp (Spider:2)
  A ragged hierophant (Vaults:1)
  An ironbound thunderhulk (Vaults:1)
  6 vault guards
  A yaktaur captain (Vaults:1)
  6 hydras
  9 boulder beetles
  2 catoblepae (Lair:6)
  Erica (D:11)
  5 centaur warriors
  3 ironbound frosthearts
  18 death yaks
  4 two-headed ogres
  4 orc high priests (Orc:2)
  A tengu warrior (D:13)
  A deep troll shaman (Lair:6)
  3 ironbound beastmasters
  Urug (Lair:2)
  Sonja (D:11)
  2 skeletal warriors (D:15)
  10 deep trolls (Vaults:1)
  4 lindwurms
  3 necromancers
  A deep elf archer (D:14)
  4 ironbound convokers (Vaults:1)
  3 wizards
  A manticore (D:12)
  8 orc knights
  22 orb spiders
  4 orc sorcerers
  35 wolf spiders
  2 moths of wrath
  15 ugly things
  9 elephants
  A stone giant skeleton (Vaults:1)
  2 cyclopes
  5 black mambas
  A torpor snail (Spider:2)
  A merfolk siren (Lair:2)
  Joseph (D:8)
  6 vault sentinels
  6 gargoyles
  10 cane toads
  A kobold demonologist (D:12)
  A human zombie (Vaults:1)
  A spriggan zombie (D:15)
  An unseen horror (D:11)
  2 rime drakes
  13 komodo dragons
  3 yaktaurs (Vaults:1)
  20 demonic crawlers
  A komodo dragon (shapeshifter) (D:14)
  A tengu conjurer (D:14)
  5 trolls
  37 jumping spiders
  2 saltlings
  Grinder (D:6)
  7 polar bears
  5 hornets
  4 tyrant leeches
  4 blink frogs (Lair:4)
  13 slime creatures
  An ettin zombie (Vaults:1)
  12 dream sheep
  A centaur simulacrum (D:15)
  9 humans (D:13)
  97 redbacks
  40 yaks
  A water elemental (D:11)
  5 wyverns
  3 wraiths
  36 tarantellas
  A steam dragon (D:9)
  A basilisk (Lair:3)
  4 fire elementals (D:14)
  Menkaure (D:6)
  6 vampire mosquitoes
  7 wargs
  27 water moccasins
  An acid dragon (D:12)
  3 hell hounds (D:14)
  A human skeleton (D:15)
  2 sky beasts (D:5)
  25 orc warriors
  2 black bears
  7 ogres
  33 wolves
  3 centaurs
  9 bullfrogs
  2 kobold brigands
  A glowing shapeshifter simulacrum (Vaults:1)
  2 wyvern zombies
  2 scorpions (D:7)
  A tengu zombie (D:15)
  10 killer bees
  4 wights (D:6)
  3 howler monkeys
  10 electric eels
  8 centaur zombies
  10 hounds
  2 gnoll shamans
  11 orc priests
  Crazy Yiuf (D:6)
  2 jellies (D:5)
  3 iguanas (D:5)
  Natasha (thrice) (D:3)
  17 orc wizards
  2 killer bee zombies
  6 mummies (Ossuary)
  5 howler monkey zombies
  14 adders
  21 gnolls
  2 worms
  3 dart slugs
  82 orcs
  4 ball pythons
  5 endoplasms
  A giant cockroach (D:3)
  8 goblins
  11 hobgoblins
  6 quokkas
  4 bats
  5 frilled lizards
  3 hobgoblin zombies (Ossuary)
  17 kobolds
  5 rats
1006 creatures vanquished.

Vanquished Creatures (collateral kills)
  A ghost moth (Spider:4)
  An ironbound preserver (Vaults:1)
  3 dire elephants (Vaults:1)
  Azrael (D:14)
  A spark wasp (Spider:2)
  2 ironbound beastmasters (Vaults:1)
  A deep troll (Vaults:1)
  3 wolf spiders
  A yaktaur (Vaults:1)
  A redback (Spider:2)
  2 tarantellas
17 creatures vanquished.

Vanquished Creatures (others)
  A vampire mage (D:15)
  A wolf spider (Spider:4)
  A hound (D:11)
  An adder (Lair:5)
  33 fungi
  43 plants
  2 withered plants (D:15)
82 creatures vanquished.

Grand Total: 1105 creatures vanquished

Notes
Turn   | Place    | Note
-------+----------+-------------------------------------------
     0 | D:1      | GordonOverkill the Djinni Gladiator began the quest for the
                  | Orb.
     0 | D:1      | Reached XP level 1. HP: 18/18 MP: 0/0
   326 | D:1      | Reached XP level 2. HP: 20/23 MP: 0/0
   458 | D:1      | Found a faded altar of an unknown god.
   784 | D:1      | Became a worshipper of Makhleb the Destroyer
   784 | D:1      | Reached * piety under Makhleb
   958 | D:1      | Reached XP level 3. HP: 17/28 MP: 0/0
   958 | D:1      | Learned a level 1 spell: Summon Small Mammal
  1471 | D:2      | Noticed an ice beast
  1507 | D:2      | Reached skill level 1 in Short Blades
  1507 | D:2      | Reached skill level 1 in Invocations
  2025 | D:2      | Reached XP level 4. HP: 18/33 MP: 0/0
  2232 | D:2      | Reached ** piety under Makhleb
  2711 | D:3      | Noticed a wyvern
  2738 | D:3      | Killed a wyvern
  2739 | D:3      | Reached XP level 5. HP: 35/38 MP: 0/0
  2739 | D:3      | Learned a level 2 spell: Static Discharge
  2739 | D:3      | Reached XP level 6. HP: 40/43 MP: 0/0
  3566 | D:2      | Reached skill level 1 in Armour
  4205 | D:4      | Noticed Natasha
  4223 | D:3      | Killed Natasha
  4416 | D:3      | Noticed Natasha
  4423 | D:3      | Killed Natasha
  4424 | D:3      | Reached XP level 7. HP: 46/49 MP: 0/0
  4424 | D:3      | Learned a level 2 spell: Call Imp
  4481 | D:3      | Noticed Natasha
  4499 | D:3      | Killed Natasha
  4500 | D:3      | Reached skill level 1 in Evocations
  5670 | D:4      | Identified the +1 ring mail of Moim {rC+}
  5693 | D:5      | Entered Level 5 of the Dungeon
  5696 | D:5      | Identified a scroll of acquirement
  5696 | D:5      | Acquired a +4 vorpal scimitar
  5738 | D:5      | Reached *** piety under Makhleb
  5828 | D:5      | Found a sand-covered staircase.
  5832 | Ossuary  | Entered an ossuary
  5990 | Ossuary  | Reached skill level 3 in Fighting
  5990 | Ossuary  | Reached XP level 8. HP: 56/56 MP: 0/0
  6333 | D:5      | Found a staircase to the Ecumenical Temple.
  6382 | D:5      | Reached skill level 4 in Fighting
  6727 | D:6      | Reached XP level 9. HP: 62/62 MP: 0/0
  6727 | D:6      | Learned a level 3 spell: Mephitic Cloud
  6900 | D:6      | Noticed Grinder
  6905 | D:6      | Killed Grinder
  7007 | D:6      | Reached **** piety under Makhleb
  7118 | D:6      | Reached skill level 5 in Fighting
  7149 | D:6      | Reached XP level 10. HP: 58/70 MP: 0/0
  7612 | D:6      | Found a runed translucent door.
  7613 | D:6      | Noticed Crazy Yiuf
  7680 | D:6      | Noticed Menkaure
  7691 | D:6      | Killed Menkaure
  7919 | D:6      | Killed Crazy Yiuf
  8642 | D:7      | Reached ***** piety under Makhleb
  8867 | D:8      | Acquired a +0 pair of gloves of strength
  9651 | D:8      | Noticed a two-headed ogre
  9662 | D:8      | Killed a two-headed ogre
  9702 | D:8      | Noticed Joseph
  9717 | D:8      | Killed Joseph
 10062 | D:9      | Found a runed translucent door.
 10200 | D:9      | Reached XP level 11. HP: 58/75 MP: 0/0
 10200 | D:9      | Learned a level 5 spell: Silence
 10305 | D:9      | Noticed Gilette's ghost (novice HOMo)
 10839 | D:9      | Found a hazy altar of Hepliaklqana.
 10953 | D:10     | Entered Level 10 of the Dungeon
 11014 | D:10     | Noticed Gastronok
 11073 | D:10     | Killed Gastronok
 11347 | D:10     | Reached skill level 6 in Fighting
 11964 | D:11     | Noticed Erica
 11978 | D:11     | Killed Erica
 11979 | D:11     | Reached skill level 5 in Armour
 11979 | D:11     | Reached skill level 5 in Invocations
 12209 | D:11     | Noticed Sonja
 12213 | D:11     | Killed Sonja
 12214 | D:11     | Reached skill level 7 in Fighting
 12214 | D:11     | Reached XP level 12. HP: 85/85 MP: 0/0
 12291 | D:11     | Noticed a boulder beetle
 12305 | D:11     | Killed a boulder beetle
 12394 | D:11     | Found a staircase to the Lair.
 12789 | D:11     | Noticed a two-headed ogre
 12801 | D:11     | Killed a two-headed ogre
 12802 | D:11     | Reached skill level 8 in Fighting
 13082 | D:12     | Reached skill level 9 in Fighting
 13183 | D:12     | Noticed a sun demon
 13252 | D:12     | Found a staircase to the Orcish Mines.
 13923 | D:12     | Found Yxariuga's Serpentskin Sales.
 13931 | D:12     | Noticed a two-headed ogre
 13936 | D:12     | Killed a two-headed ogre
 13937 | D:12     | Reached skill level 10 in Fighting
 14475 | D:12     | Bought 8 curare-tipped darts for 72 gold pieces
 14540 | Lair:1   | Entered Level 1 of the Lair of Beasts
 14850 | Lair:1   | Reached ****** piety under Makhleb
 15154 | Lair:1   | Identified the +7 hand axe of Ivicec {vorpal, rPois rCorr}
 15157 | Lair:1   | Identified the +10 quarterstaff of the Eternal Void {drain,
                  | +Blink}
 15557 | Lair:2   | Reached XP level 13. HP: 97/97 MP: 0/0
 15557 | Lair:2   | Learned a level 5 spell: Borgnjor's Vile Clutch
 15683 | Lair:2   | Noticed Urug
 15695 | Lair:2   | Killed Urug
 15696 | Lair:2   | Reached skill level 5 in Dodging
 16282 | Lair:2   | Found a staircase to the Shoals.
 16651 | Lair:3   | Found a hole to the Spider Nest.
 16789 | Lair:3   | Reached skill level 11 in Fighting
 18673 | Lair:4   | Reached XP level 14. HP: 106/106 MP: 0/0
 19059 | Lair:4   | Reached skill level 12 in Fighting
 20398 | Lair:5   | Found a viscous altar of Jiyva.
 20399 | Lair:5   | Found a staircase to the Slime Pits.
 20489 | Lair:6   | Entered Level 6 of the Lair of Beasts
 20507 | Lair:6   | Reached skill level 10 in Invocations
 21001 | Lair:6   | Reached skill level 10 in Dodging
 21181 | Lair:6   | Reached skill level 15 in Long Blades
 21185 | Lair:6   | Identified the +4 ring mail of the Shining Light {Contam
                  | rF+ Dex+6}
 21565 | Lair:6   | Reached XP level 15. HP: 109/112 MP: 0/0
 21565 | Lair:6   | Learned a level 6 spell: Conjure Ball Lightning
 22368 | D:13     | Identified the +4 chain mail of Death Resistance {rC+}
 22927 | D:13     | Found a gate to the Vaults.
 23436 | D:14     | Noticed Azrael
 23807 | D:14     | Killed Azrael
 24183 | D:14     | Found a stormy altar of Qazlal.
 24853 | D:14     | Found a stormy altar of Qazlal.
 25063 | D:15     | Entered Level 15 of the Dungeon
 25357 | D:15     | Noticed Roxanne
 25447 | D:15     | Reached skill level 5 in Evocations
 25922 | D:15     | Found a staircase to the Depths.
 26796 | Orc:1    | Entered Level 1 of the Orcish Mines
 26987 | Orc:1    | Found Pailin's Assorted Antiques.
 27080 | Orc:1    | Bought a scroll of enchant weapon for 307 gold pieces
 27080 | Orc:1    | Bought a potion of heal wounds for 205 gold pieces
 27214 | Orc:2    | Entered Level 2 of the Orcish Mines
 27448 | Orc:2    | Reached XP level 16. HP: 120/120 MP: 0/0
 27983 | Orc:2    | Found Qumiun's Armour Shop.
 27983 | Orc:2    | Found Vutuonapse's Antique Weapon Shoppe.
 27985 | Orc:2    | Found Kuto's Book Shop.
 27985 | Orc:2    | Found Tixku's Weapon Shoppe.
 28099 | Orc:2    | Found a staircase to the Elven Halls.
 28104 | Orc:2    | Reached skill level 13 in Fighting
 28139 | Orc:2    | Found a runed translucent door.
 28144 | Orc:2    | Found the +10 tower shield of Ignorance {rN+ Int-4}
 28277 | Orc:2    | Found a runed translucent door.
 28620 | Spider:1 | Entered Level 1 of the Spider Nest
 29394 | Lair:3   | Found a hole to the Spider Nest.
 29899 | Slime:1  | Entered Level 1 of the Pits of Slime
 29909 | Slime:1  | Noticed an acid blob
 29910 | Slime:1  | Noticed an azure jelly
 31074 | Spider:1 | Identified the +5 dagger "Conservator" {vorpal, +Rage Will-
                  | rCorr Str+5}
 33227 | Spider:2 | Reached XP level 17. HP: 126/128 MP: 0/0
 33227 | Spider:2 | Learned a level 6 spell: Freezing Cloud
 33608 | Spider:2 | Reached skill level 14 in Fighting
 37019 | Spider:4 | Entered Level 4 of the Spider Nest
 38842 | Spider:4 | Reached skill level 15 in Fighting
 39649 | Spider:4 | Reached skill level 15 in Dodging
 39902 | Spider:4 | Reached XP level 18. HP: 64/138 MP: 0/0
 40709 | Spider:4 | Got a gossamer rune of Zot
 41043 | Vaults:1 | Entered Level 1 of the Vaults
 43920 | Vaults:1 | Cast into level 2 of the Abyss (a wizard)
 43983 | Abyss:3  | Found a corrupted altar of Lugonu.
 43988 | Vaults:1 | Escaped the Abyss
 44001 | Vaults:1 | Reached skill level 10 in Armour
 44048 | Vaults:1 | Found a large runed translucent door.
 44049 | Vaults:1 | Found a large runed translucent door.
 44050 | Vaults:1 | Noticed tensugalgo's ghost (adept DsEE)
 44457 | Vaults:1 | Killed tensugalgo's ghost
 44892 | Vaults:2 | Reached skill level 16 in Fighting
 45061 | Vaults:2 | Noticed Mennas
 46775 | Vaults:1 | Slain by a vault warden

Illustrated notes

Levels and vault maps discovered:
D:1:      nicolae_arrival_washed_ashore, layout_rooms, basic_ecumenical_altar,
          minmay_misc_feat_encased
D:2:      layout_basic
D:3:      layout_basic, chequers_arboretum
D:4:      layout_cave_pools, uniq_natasha
D:5:      layout_rooms, temple_statues, nicolae_ossuary_entry_plus
D:6:      layout_gridville, uniq_crazy_yiuf_cottage, uniq_menkaure, uniq_grinder
D:7:      layout_basic, amcnicky_altar_gilded
D:8:      layout_gridville, uniq_joseph
D:9:      layout_basic, lemuel_round_altar, ebering_ghost_reflecting_pool
D:10:     layout_stronghold, minivault_16, uniq_gastronok
D:11:     layout_stronghold, erik_lair_island, billiards_dpeg, uniq_erica,
          uniq_sonja
D:12:     cheibrodos_statue_roulette, layout_loops_corners, orc_0_dummy,
          special_room [special_room_orc], columned_hall_lemuel,
          guppyfry_shop_venom
D:13:     layout_roguey, ximxim_vaults_locker_room
D:14:     layout_roguey, grunt_qazlal_clouds, minivault_14,
          small_chamber_with_monster, uniq_azrael
D:15:     gammafunk_depths_entry_grave, layout_irregular_city, uniq_roxanne
Lair:1:   layout_cave_pods, serial_bayou, serial_bayou_crossing,
          serial_bayou_ford_a, serial_bayou_pond_e, serial_bayou_lake_a
Lair:2:   layout_gridlike, elwin_shoals_entry_rooms, fungi_pond_lemuel,
          uniq_urug
Lair:3:   layout_chaotic_city, nicolae_spider_entry_tight_spaces,
          chequers_serial_rivers_small_3, st_stairs_10
Lair:4:   layout_roguey, nicolae_quartered_pool_medium,
          cheibrodos_lair_lostbears
Lair:5:   lemuel_reptile_caves, layout_misc_corridors,
          dpeg_slime_entry_enclosed_altar, grunt_megastairs_2
Lair:6:   grunt_lair_end_beastmaster, layout_regular_city
Spider:1: layout_spider_delve, nicolae_spider_shape
Spider:2: nicolae_spider_hilbert_zone_4 [nicolae_spider_hilbert_4_sides_2_open,
          nicolae_spider_hilbert_4_sides_1_open,
          nicolae_spider_hilbert_4_sides_1_open,
          nicolae_spider_hilbert_4_sides_1_open,
          nicolae_spider_hilbert_4_sides_1_open,
          nicolae_spider_hilbert_2_sides_1_open,
          nicolae_spider_hilbert_2_sides_1_open,
          nicolae_spider_hilbert_2_sides_1_open,
          nicolae_spider_hilbert_2_sides_1_open,
          nicolae_spider_hilbert_6_sides_1_open,
          nicolae_spider_hilbert_6_sides_1_open,
          nicolae_spider_hilbert_3_sides_1_open,
          nicolae_spider_hilbert_3_sides_1_open], nicolae_spider_checkerboard
Spider:3: layout_spider_delve
Spider:4: grunt_spider_rune_island, hangedman_stitches_earthworm
Slime:1:  layout_caves, cheibrodos_slime_lost_civilization_5
Orc:1:    layout_caves, serial_shops, nicolae_shop_window_shopping
Orc:2:    grunt_orc_tribal_feast, layout_diamond_mine, nicolae_orc_stony_grotto,
          chequers_guarded_unrand_ignorance
Vaults:1: ebering_vaults_ghost_disaster_area, vaults_room_glass_cross,
          grunt_vaults_twisty, v_misc_5, nicolae_vaults_ring_of_whatevers,
          nicolae_vaults_windows_and_doors_thing, ontoclasm_vaults_tryst,
          hangedman_vaults_trim, grunt_vaults_hallway_short,
          layout_vaults_omnigrid, serial_shops, bzr_entry_islet
Vaults:2: minmay_crypt_entry_necro_gods, hangedman_vaults_trim, v_misc_29,
          v_misc_2, v_alt_pattern_6, nicolae_vaults_network_quincunx
          [nicolae_vaults_network_quincunx_subvault,
          nicolae_vaults_network_quincunx_subvault,
          nicolae_vaults_network_quincunx_subvault,
          nicolae_vaults_network_quincunx_subvault,
          nicolae_vaults_network_quincunx_subvault], v_misc_8,
          nicolae_vaults_little_squares_6, v_pattern_4, ontoclasm_vaults_twist,
          layout_vaults_omnibox, portal_desolation_entry_salt, serial_shops,
          shop_statue, uniq_mennas

Skill      XL: |  1  2  3  4  5  6  7  8  9 10 11 12 13 14 15 16 17 18 |
---------------+-------------------------------------------------------+-----
Throwing       | 2 |  2.0
Short Blades   | 1 3 4 |  4.4
Dodging        | 4 8 10 11 12 15 | 15.0
Invocations    | 1 3 5 6 9 10 11 12 13 14 | 14.5
Armour         | 2 3 5 6 7 8 10 | 10.0
Evocations     | 2 4 5 7 |  7.0
Long Blades    | 3 11 13 14 15 | 15.7
Fighting       | 3 4 5 7 10 11 12 13 15 16 | 16.2

Action                   |  1- 3 |  4- 6 |  7- 9 | 10-12 | 13-15 | 16-18 || total
-------------------------+-------+-------+-------+-------+-------+-------++-------
Melee: Long sword        |    28 |       |       |       |       |       ||    28
       Dagger            |   154 |   210 |    66 |       |       |       ||   430
       Scimitar          |       |       |   116 |   502 |   634 |       ||  1252
       Double sword      |       |       |       |       |   444 |  1333 ||  1777
Throw: Throwing net      |       |     4 |       |     8 |     2 |       ||    14
       Dart              |       |    27 |    32 |    36 |    99 |    20 ||   214
Invok: Greater Servant o |       |       |       |       |     1 |     6 ||     7
       Lesser Servant of |       |       |       |       |       |    18 ||    18
Evoke: Wand              |       |       |     3 |    12 |    11 |    32 ||    58
       Phial of floods   |       |       |       |       |       |     1 ||     1
  Use: Potion            |       |     6 |     2 |     1 |       |    12 ||    21
       Scroll            |       |     3 |    10 |    16 |    10 |     6 ||    45
 Stab: Sleeping          |     1 |       |       |       |       |       ||     1
       Held in net/web   |       |     1 |       |     5 |       |       ||     6
       Distracted        |       |       |       |       |       |     3 ||     3
       Paralysed         |       |       |       |       |       |     2 ||     2
Armor: Leather armour    |    29 |    18 |       |       |       |       ||    47
       Chain mail        |       |    20 |    31 |       |       |       ||    51
       Ring mail         |       |    17 |    60 |    40 |       |       ||   117
       Plate armour      |       |       |       |   184 |   671 |  1280 ||  2135
Dodge: Dodged            |    83 |    68 |    88 |   253 |   541 |  1316 ||  2349
       Rpst.: Long sword |     5 |       |       |       |       |       ||     5
       Scimitar          |       |       |    19 |    66 |    95 |       ||   180
       Double sword      |       |       |       |       |    48 |   241 ||   289

Table legend: (Time is in decaauts)
 A = Elapsed time spent in this place.
 B = Non-inter-level travel time spent in this place.
 C = Inter-level travel time spent in this place.
 D = Time resting spent in this place.
 E = Time spent auto-exploring this place.
 F = Levels seen in this place.
 G = Mean time per level.
                   A        B        C        D        E       F      G
               +--------+--------+--------+--------+--------+-----+--------+
         Total |  45818 |  43576 |   2242 |  16211 |  19501 |  33 | 1388.4 |
       Dungeon |  19078 |  17912 |   1166 |   4617 |  10111 |  15 | 1271.9 |
          Lair |   8990 |   8394 |    596 |   2272 |   4902 |   6 | 1498.3 |
   Spider Nest |  10595 |  10392 |    203 |   5995 |   2377 |   4 | 2648.8 |
    Slime Pits |     23 |     23 |      0 |      0 |      3 |   1 |   23.0 |
  Orcish Mines |   1659 |   1599 |     60 |    393 |    817 |   2 |  829.5 |
        Vaults |   4979 |   4765 |    214 |   2622 |   1259 |   2 | 2489.5 |
         Abyss |     67 |     67 |      0 |     13 |      0 |   2 |   33.5 |
       Ossuary |    425 |    425 |      0 |    299 |     32 |   1 |  425.0 |
               +--------+--------+--------+--------+--------+-----+--------+

Top non-repeatable levels by time:
Vaults:1: 4584 daAuts
Spider:2: 4308 daAuts
  Lair:3: 3115 daAuts
Spider:4: 2478 daAuts
     D:3: 2164 daAuts
Spider:3: 1967 daAuts
    D:13: 1964 daAuts
Spider:1: 1841 daAuts
    D:14: 1784 daAuts
    D:12: 1636 daAuts
     D:2: 1474 daAuts
  Lair:5: 1362 daAuts
    D:15: 1349 daAuts
  Lair:6: 1325 daAuts
     D:6: 1252 daAuts
